 Dungeon Crawl Stone Soup version 0.31.0-11-ge490571c62 (webtiles) character file.

Game seed: 12423545449755835118

395 Pooter the Chopper (level 6, -10/56 HPs)
             Began as a Minotaur Fighter on Jan 29, 2024.
             Mangled by Duvessa
             ... wielding a +0 short sword
              (12 damage)
             ... on level 4 of the Dungeon.
             The game lasted 00:10:37 (2625 turns).

Pooter the Chopper (Minotaur Fighter)               Turns: 2625, Time: 00:10:37

Health: -10/56     AC: 14    Str: 23    XL:     6   Next: 52%
Magic:  5/5        EV:  8    Int:  5    God:
Gold:   118        SH:  4    Dex:  9    Spells: 5/5 levels left

rFire   . . .        a - +0 war axe
rCold   . . .        c - +0 buckler
rNeg    . . .        v - +1 chain mail
rPois   .            (helmet restricted)
rElec   .            s - +0 cloak
rCorr   .            (no gloves)
SInv    .            o - +2 pair of boots
Will    .....        u - amulet of faith {!P} Stlth
                     h - ring of flight
HPRegen 0.29/turn    (no ring)
MPRegen 0.09/turn

%: faith
@: flying
A: horns 2, retaliatory headbutt
a: no special abilities


You were on level 4 of the Dungeon.
You visited 1 branch of the dungeon, and saw 4 of its levels.

You collected 118 gold pieces.

Inventory:

Hand Weapons
 a - a +0 war axe (weapon)
 b - a +0 sling
   (You found it on level 1 of the Dungeon)
Missiles
 e - 3 boomerangs (quivered)
 Q - 28 stones
Armour
 c - a +0 buckler (worn)
 o - a +2 pair of boots (worn)
   (You found it on level 2 of the Dungeon)
 s - a +0 cloak (worn)
   (You found it on level 3 of the Dungeon)
 v - a +1 chain mail (worn)
   (You took it off an orc on level 3 of the Dungeon)
Jewellery
 h - a ring of flight (left hand)
   (You found it on level 1 of the Dungeon)
 u - an amulet of faith (around neck) {!P}
   (You found it on level 3 of the Dungeon)
Wands
 D - a wand of digging (3)
   (You found it on level 3 of the Dungeon)
Scrolls
 i - a scroll of immolation {unknown}
 j - 2 scrolls of blinking
 k - a scroll of identify {unknown}
 l - a scroll of poison {unknown}
 r - a scroll of vulnerability {unknown}
 t - a scroll of teleportation {unknown}
Potions
 d - 2 potions of might
 f - a potion of lignification {unknown}
 g - 2 potions of heal wounds {unknown}
 n - a potion of brilliance {unknown}
 p - a potion of curing {unknown}
 q - a potion of ambrosia {unknown}


   Skills:
 + Level 5.2 Fighting
 * Level 5.9 Axes
 * Level 4.0 Ranged Weapons
 - Level 3.6 Armour
 - Level 3.6 Shields


You had 5 spell levels left.
You didn't know any spells.
Your spell library was empty.

Dungeon Overview and Level Annotations

Branches:
Dungeon (4/15) Zot: 21308
 Temple: D:4-7

Altars:
Dithmenos
Okawaru
Uskayaw
Yredelemnul

Shops:
D:1 :

Annotations:
D:4 Duvessa


Innate Abilities, Weirdness & Mutations

You have a pair of horns on your head.
You reflexively headbutt those who attack you in melee.


Message History

There is a stone staircase leading up here.
You barely miss Duvessa. You headbutt Duvessa, but do no damage.
You barely miss Dowan. Duvessa hits you but does no damage.
Dowan points at Duvessa and mumbles some strange words.
Duvessa seems to speed up.
Duvessa hits you but does no damage. Dowan hits you but does no damage.
You closely miss Duvessa. You headbutt Duvessa, but do no damage.
You miss Dowan. You block Duvessa's attack. You block Dowan's attack.
You closely miss Duvessa. You headbutt Duvessa, but do no damage.
You closely miss Dowan. Duvessa hits you with a +0 short sword!
Duvessa closely misses you. You furiously retaliate!
You headbutt Duvessa! Dowan closely misses you.
You hit Duvessa but do no damage. You hit Dowan.
Duvessa hits you with a +0 short sword. Dowan hits you but does no damage.
You block Duvessa's attack.
You closely miss Duvessa. You headbutt Duvessa, but do no damage.
You slash Dowan! Duvessa hits you but does no damage.
Dowan says, "Stay away from my face!"
Dowan mumbles some strange words.
Dowan blinks!
Duvessa hits you with a +0 short sword. Dowan casts a spell at you.
The puff of flame hits you but does no damage.
You hit Duvessa but do no damage. You headbutt Duvessa.
Duvessa hits you but does no damage. x2
You barely miss Duvessa. You headbutt Duvessa, but do no damage.
You closely miss Dowan. Duvessa closely misses you.
Dowan completely misses you. You furiously retaliate!
You headbutt Dowan!
You kill Dowan!
Duvessa screams, "No!
How DARE you!"
Duvessa goes berserk!
Duvessa hits you with a +0 short sword!
Your Ranged Weapons skill increases to level 4!
You closely miss Duvessa. Duvessa hits you with a +0 short sword.
* * * LOW HITPOINT WARNING * * *
Duvessa completely misses you.
You hit Duvessa but do no damage. You headbutt Duvessa, but do no damage.
Duvessa closely misses you. Duvessa hits you with a +0 short sword.
* * * LOW HITPOINT WARNING * * *
You closely miss Duvessa. You headbutt Duvessa, but do no damage.
Duvessa hits you with a +0 short sword!
* * * LOW HITPOINT WARNING * * *
You closely miss Duvessa. Your headbutt misses Duvessa.
Duvessa hits you but does no damage. Duvessa hits you with a +0 short sword!
* * * LOW HITPOINT WARNING * * *
You closely miss Duvessa. Duvessa hits you but does no damage.
You block Duvessa's attack.
You slash Duvessa! Your headbutt misses Duvessa.
Duvessa hits you but does no damage. Duvessa barely misses you.
You hit Duvessa. Duvessa barely misses you. You furiously retaliate!
You headbutt Duvessa! Duvessa hits you with a +0 short sword!
You die...

.# .# e# e# .#
######.#
#......##
##.####.......#..
#......[@.......#
#..####†)e.....##
#......#....
######.##.≈≈ .#
.≈.. +# ≈.≈


You could see Duvessa (berserk, fast).

Vanquished Creatures
  Sigmund (D:3)
  Dowan (D:4)
  A bombardier beetle (D:3)
  An orc priest (D:3)
  3 adders
  3 ribbon worms
  3 dart slugs
  6 orcs
  An endoplasm (D:3)
  A giant cockroach (D:2)
  7 hobgoblins
  6 jackals
  6 quokkas
  6 ball pythons
  2 bats
  5 frilled lizards
  8 goblins
  7 kobolds
  6 rats
74 creatures vanquished.

Notes
Turn   | Place    | Note
-------+----------+-------------------------------------------
     0 | D:1      | Pooter the Minotaur Fighter began the quest for the Orb.
     0 | D:1      | Reached XP level 1. HP: 19/19 MP: 0/0
   140 | D:1      | Reached XP level 2. HP: 26/27 MP: 1/1
   719 | D:1      | Reached XP level 3. HP: 26/33 MP: 2/2
   757 | D:1      | Found Koerour's Book Emporium.
  1100 | D:2      | Reached skill level 1 in Ranged Weapons
  1521 | D:3      | Reached XP level 4. HP: 40/40 MP: 3/3
  1540 | D:3      | Found a shadowy altar of Dithmenos.
  1545 | D:3      | Found a basalt altar of Yredelemnul.
  1904 | D:3      | Noticed Sigmund
  1939 | D:3      | Killed Sigmund
  1940 | D:3      | Reached skill level 5 in Axes
  1940 | D:3      | Reached XP level 5. HP: 34/47 MP: 4/4
  1997 | D:3      | Found a faded altar of an unknown god.
  2031 | D:3      | Reached skill level 5 in Fighting
  2031 | D:3      | Reached XP level 6. HP: 56/56 MP: 5/5
  2094 | D:3      | Found a hide-covered altar of Uskayaw.
  2096 | D:3      | Found an iron altar of Okawaru.
  2599 | D:4      | Noticed Duvessa
  2599 | D:4      | Noticed Dowan
  2618 | D:4      | Killed Dowan
  2622 | D:4      | HP: 1/56 [Duvessa/+0 short sword (8)]
  2625 | D:4      | Mangled by Duvessa

Illustrated notes

Levels and vault maps discovered:
D:1:      ebering_trefoil_3fold, layout_basic, serial_shops, shop
D:2:      layout_basic, hangedman_decor_clover_reticule
D:3:      layout_basic, nicolae_overflow_hidden_temple,
          ebering_ecumenical_altar_box, uniq_sigmund
D:4:      layout_loops_corners, mainiacjoe_overflow_concentric_impassable,
          trog_ov_bears_minmay, uniq_duvessa, uniq_crazy_yiuf_cottage

Skill      XL: |  1  2  3  4  5  6 |
---------------+-------------------+-----
Axes           | 3 4 5 |  5.9
Fighting       | 4 5 |  5.2
Ranged Weapons | 1 3 4 |  4.0
Armour         | |  3.6
Shields        | |  3.6

Action                     |  1- 3 |  4- 6 || total
---------------------------+-------+-------++-------
  Melee: War axe           |    78 |    76 ||   154
         Headbutt          |     1 |    13 ||    14
   Fire: Sling             |    34 |    15 ||    49
  Throw: Boomerang         |       |     4 ||     4
    Use: Scroll            |       |     3 ||     3
 Armour: Scale mail        |    64 |    33 ||    97
         Chain mail        |       |    30 ||    30
  Dodge: Dodged            |    37 |    42 ||    79
  Block: Buckler           |    23 |    20 ||    43
